Map: Blackpink РВ

Players

Totovich - Winner!

  • Race: Protoss Protoss
  • League: Master
  • Spawn Location: 1:00

LemonLyman

  • Race: Zerg Zerg
  • League: Master
  • Spawn Location: 7:00

VOD

Have the link to the VOD?

Description

Time

  • Played on: Feb. 8, 2018, 5:02 a.m.
  • Length: 11:01
Show
View Real Time Build Order
Export as new Build Order

Totovich Protoss - Winner!

Build Orders: 1 Gate Expand, Colossus Rush 

Get SALT Encoding   

  12  0:01  Probe (Chrono Boost)  
  13  0:11  Probe (Chrono Boost)  
  14  0:18  Pylon  
  14  0:21  Probe  
  15  0:36  Probe  
  15  0:41  Gateway  
  16  0:48  Probe  
  17  1:00  Probe (Chrono Boost)  
  18  1:10  Probe (Chrono Boost)  
  19  1:15  Probe (Chrono Boost)  
  20  1:22  Nexus  
  20  1:31  Assimilator  
  20  1:37  Cybernetics Core  
  20  1:41  Probe  
  20  1:46  Assimilator  
  21  1:50  Pylon  
  21  1:53  Probe (Chrono Boost)  
  22  2:05  Probe (Chrono Boost)  
  23  2:13  Probe (Chrono Boost)  
  23  2:14  Adept  
  26  2:17  Warp Gate  
  26  2:20  Forge  
  26  2:23  Probe  
  27  2:32  Shield Battery  
  27  2:35  Probe (Chrono Boost)  
  29  2:40  Probe (Chrono Boost)  
  29  2:41  Sentry  
  32  2:44  Probe (Chrono Boost)  
  32  2:48  Probe (Chrono Boost)  
  32  2:51  Probe  
  33  2:56  Photon Cannon  
  34  2:59  Probe  
  34  3:03  Probe (Chrono Boost)  
  36  3:12  Stalker  
  39  3:15  Probe (Chrono Boost)  
  39  3:18  Probe (Chrono Boost)  
  40  3:25  Pylon  
  40  3:26  Probe (Chrono Boost)  
  41  3:27  Probe (Chrono Boost)  
  41  3:30  Pylon  
  41  3:32  Robotics Facility  
  42  3:37  Probe, Assimilator  
  42  3:40  Assimilator  
  43  3:42  Probe  
  43  3:46  Protoss Ground Weapons Level 1  
  44  3:51  Probe (Chrono Boost)  
  44  3:54  Probe (Chrono Boost)  
  47  4:04  Gateway  
  47  4:05  Probe (Chrono Boost)  
  47  4:06  Probe (Chrono Boost)  
  47  4:08  Gateway  
  48  4:13  Probe  
  47  4:21  Pylon  
  45  4:26  Adept  
  44  4:40  Probe (Chrono Boost)  
  44  4:42  Probe (Chrono Boost)  
  44  4:45  Robotics Bay  
  45  4:52  Probe (Chrono Boost)  
  47  4:53  Probe (Chrono Boost)  
  47  4:58  Probe (Chrono Boost), Immortal (Chrono Boost)  
  51  5:01  Stalker  
  54  5:07  Probe  
  54  5:09  Pylon  
  54  5:10  Pylon  
  54  5:14  Pylon, Twilight Council  
  55  5:18  Probe  
  56  5:22  Sentry x2  
  56  5:25  Pylon  
  56  5:26  Pylon  
  60  5:32  Forge  
  60  5:33  Colossus (Chrono Boost)  
  66  5:47  Zealot  
  66  5:48  Zealot x2  
  72  5:53  Protoss Ground Armor Level 1 (Chrono Boost)  
  70  5:59  Extended Thermal Lance  
  70  6:01  Probe x2  
  70  6:02  Protoss Ground Weapons Level 2 (Chrono Boost)  
  72  6:13  Nexus  
  72  6:15  Pylon  
  72  6:21  Pylon, Sentry  
  72  6:22  Sentry  
  72  6:23  Sentry  
  78  6:30  Colossus (Chrono Boost)  
  84  6:43  Gateway x2  
  84  6:49  Shield Battery, Probe x2  
  86  7:01  Probe x2, Stalker x2  
  86  7:05  Stalker  
  94  7:13  Probe x2  
  94  7:14  Colossus  
  102  7:32  Stalker  
  102  7:33  Stalker x2  
  102  7:34  Probe x3  
  109  7:40  Assimilator  
  109  7:41  Assimilator  
  109  7:45  Templar Archives  
  109  7:46  Probe x2 (Chrono Boost)  
  111  7:53  Pylon  
  111  7:54  Pylon  
  111  7:55  Protoss Ground Armor Level 2 (Chrono Boost)  
  111  7:56  Probe (Chrono Boost)  
  113  8:04  Probe (Chrono Boost)  
  114  8:07  Probe (Chrono Boost)  
  114  8:09  Protoss Ground Weapons Level 3 (Chrono Boost)  
  114  8:15  Colossus  
  120  8:22  Psionic Storm  
  120  8:25  Zealot x3  
  126  8:29  Pylon  
  126  8:33  Pylon  
  126  8:41  Charge (Chrono Boost)  
  126  8:42  Gateway x2  
  126  8:46  Gateway  
  126  8:47  High Templar  
  128  8:52  High Templar  
  130  8:58  Zealot  
  132  9:02  Gateway  
  132  9:03  Gateway x2  
  132  9:06  Pylon  
  132  9:07  Pylon  
  132  9:08  Warp Prism  
  134  9:16  Pylon  
  134  9:18  Pylon  
  134  9:20  High Templar x2, Pylon  
  138  9:31  Stalker  
  140  9:41  Stalker  
  142  9:50  Archon  
  134  9:53  High Templar x2  
  134  9:54  Colossus (Chrono Boost)  
  134  9:55  Zealot x2  
  148  10:15  Stalker  
  148  10:16  Stalker  
  148  10:17  High Templar x2  
  148  10:18  Zealot x3  
  148  10:19  Zealot  
  164  10:31  Stalker x4  
  172  10:39  Observer (Chrono Boost)  
  173  10:46  Zealot x3  
  173  10:47  Zealot x2  
  181  10:55  Zealot x5  
  181  10:56  Zealot  
Show
View Real Time Build Order
Export as new Build Order

LemonLyman Zerg 

Build Orders: Hatch First 

Get SALT Encoding   

  12  0:01  Drone  
  13  0:12  Overlord  
  13  0:18  Drone  
  14  0:31  Drone x2  
  17  0:35  Drone  
  17  0:53  Hatchery  
  16  1:03  Drone x2  
  18  1:08  Extractor  
  17  1:14  Spawning Pool  
  17  1:17  Drone  
  17  1:24  Drone  
  18  1:33  Drone  
  19  1:40  Overlord  
  19  1:50  Drone  
  20  2:01  Queen  
  22  2:10  Queen  
  22  2:12  Zergling x4  
  22  2:13  Metabolic Boost, Drone  
  27  2:19  Drone  
  28  2:35  Evolution Chamber  
  27  2:43  Zergling x4  
  29  2:48  Hatchery  
  29  2:49  Drone x3  
  31  3:14  Drone  
  31  3:15  Drone x4  
  31  3:17  Overlord  
  36  3:21  Overlord  
  36  3:35  Queen  
  38  3:42  Drone x4  
  38  3:43  Drone x2  
  38  3:47  Drone x2  
  46  3:52  Baneling Nest, Drone  
  46  4:06  Queen  
  46  4:07  Drone x4  
  49  4:44  Drone x5  
  53  4:49  Drone x2, Roach Warren  
  53  4:50  Extractor, Drone  
  53  4:52  Lair  
  54  4:58  Extractor  
  53  5:06  Spore Crawler  
  52  5:08  Burrow  
  52  5:09  Spore Crawler  
  52  5:10  Drone  
  52  5:11  Zergling x2  
  52  5:12  Zergling x10  
  58  5:19  Overlord x2  
  58  5:20  Overlord x3  
  58  5:22  Overlord  
  58  5:44  Zerg Missile Weapons Level 1  
  58  5:46  Drone  
  59  5:51  Evolution Chamber  
  53  6:00  Roach  
  53  6:01  Roach x5  
  53  6:02  Glial Reconstitution  
  69  6:04  Roach x2  
  69  6:05  Zergling x12  
  75  6:16  Roach x2  
  75  6:17  Roach x2  
  83  6:26  Zergling x2  
  83  6:27  Zergling x10  
  89  6:43  Zergling x2  
  89  6:44  Zergling x14  
  97  6:56  Ravager x4  
  97  6:58  Overlord  
  97  6:59  Zergling x10  
  97  7:00  Overlord x3  
  106  7:05  Extractor  
  106  7:06  Extractor  
  104  7:13  Zerg Ground Armor Level 1  
  71  7:38  Drone x3  
  71  7:39  Drone x3  
  71  7:40  Drone x5  
  71  7:41  Drone x4  
  86  7:49  Zerg Missile Weapons Level 2  
  86  7:52  Centrifical Hooks  
  86  8:00  Roach  
  86  8:01  Roach x3  
  86  8:02  Roach  
  86  8:04  Zergling x2  
  86  8:05  Zergling x10  
  102  8:19  Hatchery  
  101  8:26  Zergling x2  
  102  8:27  Zergling x22  
  113  8:51  Overlord  
  113  8:52  Zergling x2  
  113  8:53  Zergling x18  
  123  9:08  Baneling  
  123  9:09  Baneling x22  
  123  9:10  Baneling x13  
  123  9:12  Zergling x20  
  100  9:58  Roach x14  
  124  10:06  Baneling  
  124  10:07  Baneling x16  
  124  10:10  Zergling x12  
  130  10:16  Zergling x4  
  130  10:17  Baneling x2  
  130  10:18  Baneling x2  
  132  10:36  Zergling x12  
  132  10:37  Zergling x10  
Tags
 
Add a new tag
Caveats
  • Supply blocks, unpowered buildings, or Contaminate may cause inaccurate times.
  • Supply counts are checked every 10 seconds.